 Dungeon Crawl Stone Soup version 0.30-a0-634-g8abc85282e (webtiles) character file.

Game seed: 7724294309055584270

7961 Fenrisus the Fighter (level 11, -3/93 HPs)
             Began as a Barachi Fighter on Jan 13, 2023.
             Was an Initiate of Gozag.
             Slain by a spriggan
             ... wielding a +0 trident
              (11 damage)
             ... in a bailey on Jan 14, 2023.
             The game lasted 01:45:33 (9652 turns).

Fenrisus the Fighter (Barachi Fighter)              Turns: 9652, Time: 01:45:34

Health: -3/93      AC: 11    Str: 22    XL:     11   Next: 23%
Magic:  11/11      EV: 12    Int:  9    God:    Gozag
Gold:   940        SH: 10    Dex: 11    Spells: 10/10 levels left

rFire   x . .      SeeInvis .    y - +3 long sword (drain)
rCold   + . .      Faith    .    c - +0 buckler
rNeg    + . .      Spirit   .    d - +2 troll leather armour {Pargi}
rPois   .          Reflect  +    (helmet restricted)
rElec   .          Harm     .    (no cloak)
rCorr   .          Rampage  .    B - +1 pair of gloves
Will    .....      Clarity  +    (no boots)
Stlth   ++                       n - amulet of reflection
HPRegen 1.15/turn                i - ring of ice
MPRegen 0.12/turn                o - ring of positive energy

@: gold aura, slow
A: amphibious, slowness 1, strong legs 1, +LOS, antennae 1, iridescent scales 1,
clarity
a: Hop, Renounce Religion, Potion Petition, Call Merchant, Bribe Branch


You were in a bailey.
You worshipped Gozag.
Gozag was pleased with you.
You visited 2 branches of the dungeon, and saw 11 of its levels.
You also visited: Ossuary and Bailey.

You collected 2849 gold pieces.
You spent 1817 gold pieces at shops.
You paid 92 gold pieces to Gozag.

Inventory:

Hand Weapons
 e - a +4 heavy dire flail
 k - the +5 dagger "Nycuur" {pain, rF++ Will+ Int+3}
   (You found it on level 2 of the Dungeon)

   Int:       It affects your intelligence (+3).
   rF:        It greatly protects you from fire.
   Will:      It increases your willpower.
 q - a +2 antimagic hand axe
 r - the +7 mace "Norph" {protect, rC+ rCorr Str-4 SInv}
   (You found it on level 4 of the Dungeon)

   Str:       It affects your strength (-4).
   rC:        It protects you from cold.
   SInv:      It lets you see invisible.
   rCorr:     It protects you from acid and corrosion.
 t - a +1 flail of holy wrath
 u - a +3 whip of electrocution
 y - a +3 long sword of draining (weapon)
Armour
 c - a +0 buckler (worn)
 d - a +2 troll leather armour (worn) {Pargi}
 s - a +2 leather armour of positive energy
 B - a +1 pair of gloves (worn)
 D - +0 steam dragon scales
 F - a +0 helmet
 H - a +1 leather armour of cold resistance
Magical Staves
 x - a staff of earth
Jewellery
 a - a +6 ring of intelligence
 i - a ring of ice (left hand)
 n - an amulet of reflection (around neck)
 o - a ring of positive energy (right hand)
 w - an amulet of magic regeneration
Wands
 b - a wand of paralysis (1)
 v - a wand of digging (2)
Scrolls
 h - 4 scrolls of identify
 z - a scroll of blinking {unknown}
 G - 2 scrolls of torment
 I - a scroll of immolation
 J - a scroll of enchant weapon
 K - a scroll of amnesia
 L - a scroll of fog
Potions
 f - 3 potions of might
 g - 2 potions of brilliance
 j - a potion of magic
 l - 3 potions of attraction
 m - a potion of berserk rage
 p - 2 potions of cancellation
 A - 2 potions of lignification {unknown}
 E - a potion of flight


   Skills:
 + Level 11.2 Fighting
 - Level 4.5(6.3) Short Blades
 * Level 7.4(8.2) Long Blades
 - Level 10.9 Maces & Flails
 + Level 5.7 Armour
 - Level 3.8 Dodging
 - Level 2.0 Stealth
 - Level 6.4 Shields
 - Level 0.9 Evocations


You had 10 spell levels left.
You didn't know any spells.
Your spell library contained the following spells:

 Spells                   Type           Power      Damage    Failure   Level
 Ensorcelled Hibernation  Hex/Ice        0%         N/A       65%         2
 Frozen Ramparts          Ice            0%         1d1       87%         3
 Spider Form              Tmut/Pois      0%         N/A       87%         3
 Tukima's Dance           Hex            0%         N/A       87%         3
 Anguish                  Hex/Necr       0%         N/A       99%         4
 Ice Form                 Ice/Tmut       0%         N/A       99%         4
 Passage of Golubria      Tloc           0%         N/A       99%         4
 Summon Ice Beast         Ice/Summ       0%         N/A       99%         4
 Summon Forest            Summ/Tloc      0%         N/A       100%        5
 Yara's Violent Unravell  Hex/Tmut       0%         3d3       100%        5
 Eringya's Noxious Bog    Tmut/Pois      0%         N/A       100%        6
 Summon Hydra             Summ           0%         N/A       100%        7


Dungeon Overview and Level Annotations

Branches:
Dungeon (10/15)            Temple (1/1) D:4         Ossuary (visited)
 Bailey (1/1)
   Lair: D:8-11         Orc: D:9-12

Altars:
Ashenzari
Cheibriados
Dithmenos
Elyvilon
Fedhas
Gozag
Hepliaklqana
Kikubaaqudgha
Makhleb
Nemelex Xobeh
Okawaru
Qazlal
Ru
Sif Muna
Uskayaw
Vehumet
Wu Jian
Yredelemnul
Zin
The Shining One

Shops:
D:9 :[:*

Annotations:
D:4 3 runed translucent doors, Dartaoz's ghost, amateur DrCj


Innate Abilities, Weirdness & Mutations

You are amphibious.
You cover ground slowly.
You can hop short distances.
You have an extended range of vision and can be seen from far away.
You have a pair of small antennae on your head.
You are partially covered in iridescent scales. (AC +2)
You possess an exceptional clarity of mind.


Message History

The spriggan is moderately wounded.
You block the spriggan's attack. The spriggan hits you with a +0 spear.
You hit the spriggan.
The spriggan is moderately wounded.
The spriggan hits you with a +0 trident!
* * * LOW HITPOINT WARNING * * *
You block the ogre's attack. The spriggan hits you with a +0 spear.
* * * LOW HITPOINT WARNING * * *
You slash the spriggan! You drain the spriggan.
The spriggan is almost dead.
You block the spriggan's attack. The spriggan barely misses you.
You block the ogre's attack.
You completely miss the spriggan.
The spriggan is almost dead.
The spriggan hits you with a +0 trident!
* * * LOW HITPOINT WARNING * * *
The spriggan hits you with a +0 spear.
* * * LOW HITPOINT WARNING * * *
You miss the spriggan.
The spriggan is almost dead.
The spriggan hits you but does no damage.
You block the ogre's attack.
The spriggan hits you but does no damage.
You slash the spriggan!
You kill the spriggan!
The spriggan hits you with a +0 trident!
* * * LOW HITPOINT WARNING * * *
You block the ogre's attack.
The spriggan hits you from afar with a +0 trident.
* * * LOW HITPOINT WARNING * * *
You block the spriggan's attack. The ogre barely misses you.
Things that are here:
8 gold pieces; a +0 spear You hit the ogre but do no damage.
You drain the ogre.
The ogre is lightly wounded.
The ogre hits you with a +0 glaive.
* * * LOW HITPOINT WARNING * * *
The spriggan hits you from afar with a +0 trident!
You die...
Your body crumbles into a pile of gold.

#......~~~..#,,~,~~~,*,~~,,*
#......~~~..#,,*,,~,,*,*~,,*
#...∩..~~~..#{,**,,,**,*,,,*
##.....###..#♣,,*****,,*,,,*
#.....# ##..##,,,,,,,**,,**
##...## ##..##,,,,,**,.**
##.## ##.i#♣#####..#* ###
##.$O......#* ##.@.....##
#########


You could see an ogre (drained) and a spriggan.

Vanquished Creatures
  A centaur warrior (D:9)
  Joseph (D:8)
  Maggie (D:8)
  Psyche (D:8)
  A shadow (D:9)
  3 wyverns
  4 yaks (D:7)
  A spriggan (Bailey)
  2 steam dragons (D:9)
  Edmund (D:6)
  3 water moccasins
  An ice beast (D:7)
  3 orc warriors
  Pargi (D:3)
  3 sky beasts
  3 ogres
  5 black bears
  2 centaurs (D:9)
  2 phantoms (D:5)
  2 kobold brigands
  A necrophage (D:5)
  14 scorpions
  3 bullfrogs
  3 wights (D:9)
  11 killer bees
  A centaur zombie (Ossuary)
  An orc priest (D:7)
  2 human zombies (Ossuary)
  4 hounds
  3 jellies
  2 iguanas
  3 scorpion zombies (Ossuary)
  Ijyb (D:3)
  5 orc wizards
  3 mummies (Ossuary)
  14 gnolls (D:4)
  7 adders
  A white imp (D:5)
  An ufetubus (D:6)
  7 dart slugs
  37 orcs
  7 bats
  7 endoplasms
  3 giant cockroaches
  5 goblins
  7 hobgoblins
  3 jackals (D:5)
  17 kobolds
  5 quokkas
  8 ball pythons
  2 frilled lizards (D:1)
  A goblin zombie (Ossuary)
  2 hobgoblin zombies (Ossuary)
  4 kobold zombies (Ossuary)
  4 orc zombies (Ossuary)
  6 rats
246 creatures vanquished.

Vanquished Creatures (others)
  A sky beast (D:9)
  2 killer bees (D:7)
  A kobold (D:3)
4 creatures vanquished.

Grand Total: 250 creatures vanquished

Notes
Turn   | Place    | Note
-------+----------+-------------------------------------------
     0 | D:1      | Fenrisus the Barachi Fighter began the quest for the Orb.
     0 | D:1      | Reached XP level 1. HP: 18/18 MP: 1/1
   201 | D:1      | Found a faded altar of an unknown god.
   217 | D:1      | Reached XP level 2. HP: 25/25 MP: 2/2
   493 | D:1      | Reached XP level 3. HP: 30/30 MP: 3/3
   861 | D:2      | Identified the +5 dagger "Nycuur" {pain, rF++ Will+ Int+3}
   945 | D:2      | Reached skill level 4 in Fighting
  1849 | D:3      | Reached XP level 4. HP: 36/37 MP: 4/4
  2046 | D:3      | Reached skill level 1 in Short Blades
  2046 | D:3      | Noticed Pargi
  2071 | D:3      | Killed Pargi
  2072 | D:3      | Reached XP level 5. HP: 26/42 MP: 5/5
  2234 | D:3      | Reached skill level 1 in Dodging
  2320 | D:3      | Noticed Ijyb
  2329 | D:3      | Paralysed by Ijyb for 4 turns
  2346 | D:3      | Killed Ijyb
  2347 | D:3      | Reached XP level 6. HP: 49/49 MP: 6/6
  2588 | D:5      | Entered Level 5 of the Dungeon
  2655 | D:4      | Identified the +7 mace "Norph" {protect, rC+ rCorr Str-4
                  | SInv}
  2708 | D:5      | Noticed a black bear
  2758 | D:4      | Found a runed translucent gate.
  2758 | D:4      | Found a runed translucent gate.
  2759 | D:4      | Found a runed translucent gate.
  2760 | D:4      | Noticed Dartaoz's ghost (amateur DrCj)
  2987 | D:4      | Reached skill level 5 in Armour
  3080 | D:4      | Reached skill level 1 in Stealth
  3080 | D:4      | Reached XP level 7. HP: 45/55 MP: 7/7
  3439 | D:4      | Found a staircase to the Ecumenical Temple.
  3449 | Temple   | Entered the Ecumenical Temple
  3544 | Temple   | Became a worshipper of Gozag Ym Sagoz the Greedy
  3768 | D:5      | Noticed a wyvern
  3778 | D:5      | Killed a wyvern
  3779 | D:5      | Reached skill level 5 in Fighting
  3779 | D:5      | Reached skill level 5 in Shields
  4089 | D:5      | Reached XP level 8. HP: 59/63 MP: 8/8
  4239 | D:5      | Reached skill level 6 in Fighting
  4305 | D:5      | Reached skill level 5 in Maces & Flails
  4639 | D:5      | Noticed a gargoyle
  4779 | D:6      | Reached XP level 9. HP: 71/71 MP: 9/9
  4793 | D:6      | Reached skill level 7 in Fighting
  4835 | D:6      | Noticed Edmund
  4927 | D:6      | Killed Edmund
  5056 | D:6      | Found a sand-covered staircase.
  5061 | Ossuary  | Entered an ossuary
  5386 | Ossuary  | Reached skill level 8 in Fighting
  5593 | Ossuary  | Gained mutation: You are frail. (-10% HP) [potion of
                  | mutation]
  5593 | Ossuary  | Gained mutation: You possess an exceptional clarity of
                  | mind. [potion of mutation]
  5593 | Ossuary  | Gained mutation: You are strong-willed. (Will+) [potion of
                  | mutation]
  5594 | Ossuary  | Lost mutation: You are frail. (-10% HP) [potion of
                  | mutation]
  5594 | Ossuary  | Lost mutation: You are strong-willed. (Will+) [potion of
                  | mutation]
  5594 | Ossuary  | Lost mutation: You possess an exceptional clarity of mind.
                  | [potion of mutation]
  5594 | Ossuary  | Gained mutation: Your spells are a little harder to cast,
                  | but a little more powerful. [potion of mutation]
  5594 | Ossuary  | Gained mutation: You have hidden genetic potential. [potion
                  | of mutation]
  5594 | Ossuary  | Gained mutation: You possess an exceptional clarity of
                  | mind. [potion of mutation]
  5595 | Ossuary  | Lost mutation: You have hidden genetic potential. [potion
                  | of mutation]
  5595 | Ossuary  | Lost mutation: Your spells are a little harder to cast, but
                  | a little more powerful. [potion of mutation]
  5595 | Ossuary  | Gained mutation: You are partially covered in iridescent
                  | scales. (AC +2) [potion of mutation]
  5595 | Ossuary  | Gained mutation: You have a pair of small antennae on your
                  | head. [potion of mutation]
  6192 | D:6      | Found a hide-covered altar of Uskayaw.
  6367 | D:7      | Reached XP level 10. HP: 60/82 MP: 10/10
  6568 | D:7      | Found a sparkling altar of Nemelex Xobeh.
  7004 | D:7      | Found a burning altar of Makhleb.
  7224 | D:7      | Found a glowing silver altar of Zin.
  7322 | D:8      | Noticed Joseph
  7333 | D:7      | Reached skill level 9 in Fighting
  7340 | D:7      | Reached skill level 10 in Maces & Flails
  7462 | D:8      | Killed Joseph
  7604 | D:8      | Identified a scroll of acquirement
  7606 | D:8      | Acquired 1171 gold pieces
  7673 | D:8      | Found an ancient bone altar of Kikubaaqudgha.
  7708 | D:8      | Noticed Maggie
  7739 | D:7      | Reached skill level 10 in Fighting
  7787 | D:8      | Killed Maggie
  7813 | D:8      | Upgraded the game from 0.30-a0-630-g881e3bac89 to
                  | 0.30-a0-634-g8abc85282e
  7991 | D:8      | Noticed Psyche
  8054 | D:8      | Killed Psyche
  8055 | D:8      | Reached skill level 1 in Long Blades
  8238 | D:9      | Found a stormy altar of Qazlal.
  8281 | D:9      | Noticed a centaur warrior
  8354 | D:9      | Killed a centaur warrior
  8407 | D:9      | Found Wieraub's Assorted Antiques.
  8413 | D:9      | Bought a scroll of enchant armour for 240 gold pieces
  8413 | D:9      | Bought a scroll of enchant weapon for 240 gold pieces
  8413 | D:9      | Bought a scroll labelled TYINUK ZARAW for 32 gold pieces
  8477 | D:9      | Found Fotsyt's Book Shop.
  8537 | D:9      | Bought a Fen Folio for 630 gold pieces
  8851 | D:9      | Found Dahamoy's Antique Armour Boutique.
  8902 | D:9      | Found Uzynacec's Book Emporium.
  8905 | D:9      | Bought a pair of embroidered gloves for 285 gold pieces
  8917 | D:9      | Bought Great Wizards, Vol. VII for 390 gold pieces
  8961 | D:9      | Reached skill level 11 in Fighting
  8964 | D:9      | Reached XP level 11. HP: 92/93 MP: 11/11
  9033 | D:9      | Reached skill level 5 in Long Blades
  9518 | D:10     | Entered Level 10 of the Dungeon
  9541 | D:10     | Found a flagged portal.
  9574 | Bailey   | Entered a bailey
  9652 | Bailey   | Slain by a spriggan

Illustrated notes

Levels and vault maps discovered:
D:1:      ncdulo_halloftheorcs, layout_basic,
          dreamdust_ecumenical_altar_angels_and_demons,
          chequers_serial_rivers_small_b, minmay_tromino_mix6
D:2:      layout_loops_corners, kennysheep_generic_room_12
D:3:      layout_rooms, uniq_pargi, uniq_ijyb
D:4:      layout_basic, lemuel_temple_firewalk_b, ebering_ghost_rock_garden,
          mrwooster_statue_mirror, kennysheep_generic_room_10
D:5:      cheibrodos_barr_body, layout_gridville, serial_bayou_lagoon_a,
          due_unseen_surprise
D:6:      layout_rooms, nicolae_uskayaw_dance_studio, enter_ossuary_5,
          minmay_misc_feat_more_columns, kennysheep_flooded_box, uniq_edmund
D:7:      layout_gridville, lightli_temple_of_fire,
          mainiacjoe_overflow_small_starburst, marbit_many_paths,
          dk_noncrumbling_3, minmay_misc_feat_iff, lemuel_flamethrower_2
D:8:      layout_rooms, nicolae_kikubaaqudgha_miasma_corner,
          chequers_serial_rivers_micro_d, chequers_serial_rivers_micro_a,
          hangedman_abyss_or_decor_lesser_grid, uniq_psyche, uniq_joseph,
          uniq_maggie
D:9:      layout_stronghold, grunt_qazlal_clouds, trog_wizard, serial_shops,
          nicolae_inconvenience_store, kennysheep_little_box, shop,
          nicolae_diamond_shop, hangedman_misty_isle
D:10:     layout_rooms, mainiacjoe_overflow_surrounded_room, orc_0_dummy,
          enter_bailey_2, minmay_beelzebubs_servants
Temple:   nicolae_temple_bog_church
Bailey:   bailey_polearm_enchanted_keep_hellmonk, bailey

Skill      XL: |  1  2  3  4  5  6  7  8  9 10 11 |
---------------+----------------------------------+-----
Armour         | 4 5 |  5.7
Maces & Flails | 3 6 9 10 | 10.9
Fighting       | 4 5 6 8 11 | 11.2
Short Blades   | 2 3 4 |  4.5
Shields        | 4 5 6 |  6.4
Dodging        | 1 2 3 |  3.8
Stealth        | 1 2 |  2.0
Long Blades    | 4 7 |  7.4
Evocations     | |  0.9

Action                   |  1- 3 |  4- 6 |  7- 9 | 10-12 || total
-------------------------+-------+-------+-------+-------++-------
Melee: Flail             |    88 |       |       |       ||    88
       Dagger            |    51 |   198 |    22 |       ||   271
       Whip              |       |       |   123 |       ||   123
       Mace              |       |       |   249 |   129 ||   378
       Long sword        |       |       |       |   181 ||   181
       Unarmed           |       |       |       |    12 ||    12
 Abil: Hop               |       |       |     4 |     2 ||     6
Evoke: Wand              |       |    12 |     1 |    22 ||    35
  Use: Scroll            |     3 |     4 |    16 |    14 ||    37
       Potion            |     1 |     2 |     9 |     9 ||    21
 Stab: Paralysed         |       |     1 |       |     6 ||     7
       Sleeping          |       |       |     2 |       ||     2
       Distracted        |       |       |       |     1 ||     1
Armor: Scale mail        |    77 |    26 |       |       ||   103
       Troll leather arm |       |    18 |    91 |   136 ||   245
Dodge: Dodged            |    84 |    63 |   181 |   193 ||   521
Block: Buckler           |    37 |    83 |   216 |   222 ||   558
       Reflection        |       |     5 |    14 |    16 ||    35
       Other             |       |       |       |     2 ||     2

Table legend: (Time is in decaauts)
 A = Elapsed time spent in this place.
 B = Non-inter-level travel time spent in this place.
 C = Inter-level travel time spent in this place.
 D = Time resting spent in this place.
 E = Time spent auto-exploring this place.
 F = Levels seen in this place.
 G = Mean time per level.
                   A        B        C        D        E       F      G
               +--------+--------+--------+--------+--------+-----+--------+
         Total |  11019 |   4323 |   6696 |    416 |      0 |  13 |  847.6 |
       Dungeon |  10082 |   3524 |   6558 |    284 |      0 |  10 | 1008.2 |
        Temple |    140 |      2 |    138 |      0 |      0 |   1 |  140.0 |
       Ossuary |    714 |    714 |      0 |    100 |      0 |   1 |  714.0 |
        Bailey |     82 |     82 |      0 |     32 |      0 |   1 |   82.0 |
               +--------+--------+--------+--------+--------+-----+--------+

Top non-repeatable levels by time:
     D:9: 1447 daAuts
     D:4: 1406 daAuts
     D:7: 1403 daAuts
     D:2: 1229 daAuts
     D:5: 1120 daAuts
     D:1: 924 daAuts
     D:8: 916 daAuts
     D:6: 841 daAuts
     D:3: 756 daAuts
 Ossuary: 714 daAuts
  Temple: 140 daAuts
  Bailey: 82 daAuts
    D:10: 37 daAuts
